 Dungeon Crawl Stone Soup version 0.20.1-1-g8b1a95d (webtiles) character file.

19 Linguinho the Caller (level 2, -1/19 HPs)
             Began as a Demonspawn Summoner on Nov 3, 2017.
             Slain by Jessica
             ... wielding a +0 club
              (7 damage)
             ... on level 2 of the Dungeon.
             The game lasted 00:04:36 (1797 turns).

Linguinho the Caller (Demonspawn Summoner)          Turns: 1797, Time: 00:04:37

Health: -1/19      AC:  4    Str:  8    XL:     2   Next: 55%
Magic:  1/5        EV: 12    Int: 16    God:
Gold:   43         SH:  0    Dex: 13    Spells: 2/5 levels left

rFire    . . .     SeeInvis .   (no weapon)
rCold    . . .     Gourm    .   (no shield)
rNeg     . . .     Faith    .   a - +0 robe
rPois    .         Spirit   .   (no helmet)
rElec    .         Reflect  .   (no cloak)
rCorr    .         Harm     .   (no gloves)
MR       .....                  (no boots)
Stlth    ++........             (no amulet)
Regen    0.1/turn               (no ring)
MPRegen  0.1/turn               (no ring)

@: no status effects
A: yellow scales 1
a: no special abilities


You were on level 2 of the Dungeon.
You were not hungry.

You visited 1 branch of the dungeon, and saw 2 of its levels.

You collected 43 gold pieces.

Inventory:

Hand Weapons
 d - a cursed +0 mace
Armour
 a - a +0 robe (worn)
Scrolls
 e - a scroll of amnesia {unknown}
 g - a scroll of identify {unknown}
 i - a scroll of remove curse {unknown}
 j - a scroll of random uselessness {unknown}
 o - a scroll of fear {unknown}
Potions
 h - a potion of resistance {unknown}
 k - 3 potions of mutation {unknown}
 l - a potion of lignification {unknown}
 m - a potion of brilliance {unknown}
Books
 b - a book of Callings

   Spells                             Type                      Level
   a - Summon Small Mammal            Summoning                    1
   b - Call Imp                       Summoning                    2
   c - Call Canine Familiar           Summoning                    3
   d - Summon Guardian Golem          Hexes/Summoning              3
   e - Summon Lightning Spire         Summoning/Air                4
   f - Summon Ice Beast               Ice/Summoning                4
Comestibles
 c - 4 bread rations
 f - 2 royal jellies
 n - 3 fruits


   Skills:
 + Level 2.0 Dodging
 + Level 1.8 Stealth
 + Level 2.2 Spellcasting
 + Level 4.4 Summonings


You had 2 spell levels left.
You knew the following spells:

 Your Spells              Type           Power        Failure   Level  Hunger
a - Summon Small Mammal   Summ           ###.         3%          1    #......
b - Call Imp              Summ           ###.....     4%          2    ###....


Dungeon Overview and Level Annotations

Branches:
Dungeon (2/15)

Altars:

Annotations:
D:2 Jessica


Innate Abilities, Weirdness & Mutations

You are partially covered in yellow scales. (AC +2)


Message History

Jessica hits your crimson imp with a club.
Your crimson imp hits Jessica.
Jessica closely misses your crimson imp.
Your crimson imp completely misses Jessica.
Jessica hits your crimson imp with a club.
Your crimson imp hits Jessica but does no damage.
Jessica barely misses your crimson imp.
Your crimson imp hits Jessica.
Jessica mumbles some strange words.
Jessica blinks!
Your crimson imp blinks!
You see here 2 stones.
You see here a stone.
Jessica hits you with a club.
You hit Jessica but do no damage.
Jessica is almost dead.
Jessica closely misses you.
You closely miss Jessica.
Jessica is almost dead.
Jessica hits you with a club!
You die...

#.......# .#
..........###.#
.............#####.
...##.....#......[.
#. #.....#..######
# # ###.###..# .# #
#.# #..#
#####.#.### #.
#..####..........
..
#..@@.(5.)....### .
#.............#
#.#####.####### #.#
#.# #.# #.# ..# #.#
..# #.. #..


You could see Jessica and a friendly crimson imp.

Vanquished Creatures
  A dart slug (D:1)
  A leopard gecko (D:1)
  A kobold (D:1)
  2 rats (D:1)
5 creatures vanquished.

Vanquished Creatures (collateral kills)
  2 dart slugs (D:1)
  A giant cockroach (D:1)
  A goblin (D:1)
  5 hobgoblins (D:1)
  3 kobolds
  2 bats (D:1)
  2 frilled lizards (D:2)
  2 rats (D:1)
18 creatures vanquished.

Grand Total: 23 creatures vanquished

Notes
Turn   | Place    | Note
-------+----------+-------------------------------------------
     0 | D:1      | Linguinho the Demonspawn Summoner began the quest for the Orb.
     0 | D:1      | Reached XP level 1. HP: 13/13 MP: 3/3
   621 | D:1      | Gained mutation: You are partially covered in yellow scales. (AC +2) [demonic ancestry]
   621 | D:1      | Reached XP level 2. HP: 5/19 MP: 3/5
  1673 | D:2      | Learned a level 2 spell: Call Imp
  1770 | D:2      | Noticed Jessica
  1797 | D:2      | Slain by Jessica

Skill      XL: |  1  2 |
---------------+-------+-----
Dodging        | 2 |  2.0
Stealth        | |  1.8
Spellcasting   | |  2.2
Summonings     | |  4.4

Action                   || total
-------------------------++-------
Melee: Unarmed           ||    81
 Cast: Summon Small Mamm ||    30
       Call Imp          ||     3
 Stab: Sleeping          ||     2
       Distracted        ||     1
  Eat: Chunk             ||     3
Armor: Robe              ||    33
Dodge: Dodged            ||    75
